 Dungeon Crawl Stone Soup version 0.27.1 (webtiles) character file.

Game seed: 4846591670917858593

6 Descartes the Sneak (level 1, 0/7 HPs)
             Began as a Felid Wanderer on Aug 25, 2021.
             Slain by an endoplasm (2 damage)
             ... on level 1 of the Dungeon.
             The game lasted 00:00:31 (118 turns).

Descartes the Sneak (Felid Wanderer)                 Turns: 118, Time: 00:00:32

Health: 0/7        AC:  1    Str:  9    XL:     1   Next: 75%
Magic:  2/2        EV: 16    Int: 10    God:
Gold:   12         SH:  0    Dex: 17    Spells: 0/0 levels left
                                        Lives:  0   Deaths: 0

rFire    . . .     SeeInvis +     - Unarmed
rCold    . . .     Faith    .   (shield unavailable)
rNeg     . . .     Spirit   .   (armour unavailable)
rPois    .         Reflect  .   (helmet unavailable)
rElec    .         Harm     .   (cloak unavailable)
rCorr    .         Rampage  .   (gloves unavailable)
Will     .....                  (boots unavailable)
Stlth    +++.......             (no amulet)
HPRegen  0.02/turn              (no ring)
MPRegen  0.08/turn              (no ring)

@: quick
A: very small, claws 1, fangs 3, see invisible, speed 1, shaggy fur 1, stealthy
paws, no weapons or thrown items, no armour, multi-lived
a: no special abilities


You were on level 1 of the Dungeon.
You visited 1 branch of the dungeon, and saw 1 of its levels.

You collected 12 gold pieces.

Inventory:

Scrolls
 c - a scroll of blinking {unknown}
Potions
 a - a potion of heal wounds
 b - 2 potions of curing


   Skills:
 + Level 1.0 Dodging
 * Level 4.5 Stealth
 - Level 4.0 Unarmed Combat
 - Level 1.1 Transmutations
 - Level 1.7 Poison Magic


You couldn't memorise any spells.
You knew the following spells:

 Your Spells              Type           Power      Damage    Failure   Level
a - Shock                 Conj/Air       0%         1d3       36%         1

Your spell library contained the following spells:

 Spells                   Type           Power      Damage    Failure   Level
 Mephitic Cloud           Conj/Pois/Air  1%         N/A       65%         3


Dungeon Overview and Level Annotations

Branches:
Dungeon (1/15)

Altars:


Innate Abilities, Weirdness & Mutations

You have sharp claws.
You have razor-sharp teeth.
You have supernaturally acute eyesight. (SInv)
You cover ground quickly. (Speed+)
You are covered in fur. (AC +1)
Your paws help you pounce on unaware monsters.
You are incapable of wielding weapons or throwing items.
You cannot wear armour.
You gain extra lives every three experience levels.


Message History

No target in view!
No target in view!
A kobold comes into view. It is wielding a +0 short sword.
A hobgoblin comes into view.
Found a scroll labelled USTRUNWAMURGH.
You claw the kobold!
You kill the kobold!
Things that are here:
a +0 short sword; a kobold corpse A frilled lizard comes into view.
The hobgoblin shouts!
An endoplasm comes into view.
You scratch the hobgoblin.
The hobgoblin is almost dead.
The hobgoblin hits you.
Ouch! That really hurt!
* * * LOW HITPOINT WARNING * * *
You are too injured to fight recklessly!
You are too injured to fight recklessly!
You are too injured to fight recklessly!
You are too injured to fight recklessly!
You are too injured to fight recklessly!
You are too injured to fight recklessly!
You are too injured to fight recklessly!
You are too injured to fight recklessly!
You are too injured to fight recklessly!
You are too injured to fight recklessly!
You are too injured to fight recklessly!
You are too injured to fight recklessly!
You are too injured to fight recklessly!
You closely miss the hobgoblin.
The hobgoblin is almost dead.
You scratch the hobgoblin.
You kill the hobgoblin!
Found 9 gold pieces.
You scratch the frilled lizard.
You kill the frilled lizard!
Your Dodging skill increases to level 1!
The endoplasm hits you.
You die...

.#.....#..#..# #.####
.8.....8..#.[# .... #
######.##....#####.#####.##
.#.....##..................
..........#..............#
#####........######..###.#####
##.............#).........
#.......#####.#..........
#..........@J............
#############.#..........
...#.......... ##?.#...#.#####
#..#.#.#.# ...#.#...#
#.$.#.##..# #...#.# ..#


You could see an endoplasm.

Vanquished Creatures
  A ball python (D:1)
  A hobgoblin (D:1)
  A quokka (D:1)
  2 frilled lizards (D:1)
  A kobold (D:1)
6 creatures vanquished.

Notes
Turn   | Place    | Note
-------+----------+-------------------------------------------
     0 | D:1      | Descartes the Felid Wanderer began the quest for the Orb.
     0 | D:1      | Descartes set off with the following items: a potion of
                  | heal wounds, a potion of curing; and the following spell
                  | memorised: Shock; and the following spells available to
                  | memorise: Mephitic Cloud
     0 | D:1      | Reached XP level 1. HP: 7/7 MP: 2/2
   118 | D:1      | Reached skill level 1 in Dodging
   118 | D:1      | Slain by an endoplasm

Illustrated notes

Levels and vault maps discovered:
D:1:      scummos_arrival_simple_crosswalls, layout_basic

Skill      XL: |  1 |
---------------+----+-----
Dodging        | 1 |  1.0
Stealth        | |  4.5
Unarmed Combat | |  4.0
Transmutations | |  1.1
Poison Magic   | |  1.7

Action                   || total
-------------------------++-------
Melee: Unarmed           ||     8
 Stab: Sleeping          ||     1
